 Dungeon Crawl Stone Soup version 0.29.1-1-gd02db6906a (webtiles) character file.

Game seed: 8714165231359044088

494 Demigod47 the Covered (level 6, -1/55 (56) HPs)
             Began as a Minotaur Fighter on Oct 6, 2022.
             Was an Initiate of Ru.
             Succumbed to a black mamba's poison
             ... on level 5 of the Dungeon.
             The game lasted 00:09:31 (3750 turns).

Demigod47 the Covered (Minotaur Fighter)            Turns: 3750, Time: 00:09:32

HP:   -1/55 (56)    AC:  8    Str: 22    XL:     6   Next: 92%
MP:   5/5           EV:  9    Int:  5    God:    Ru [......]
Gold: 196           SH:  4    Dex: 10    Spells: 5/5 levels left

rFire   . . .      SeeInvis .   p - +6 mace (protect)
rCold   . . .      Faith    .   c - +0 buckler
rNeg    + . .      Spirit   .   b - +0 scale mail
rPois   .          Reflect  .   (helmet restricted)
rElec   .          Harm     .   (no cloak)
rCorr   .          Rampage  .   (no gloves)
Will    .....                   j - +0 pair of boots
Stlth   ..........              (no amulet)
HPRegen 0.18/turn               m - ring of positive energy
MPRegen 0.09/turn               (no ring)

@: lethally poisoned (-1 -> -50), attractive, lightly drained
A: horns 2, retaliatory headbutt
a: Renounce Religion, Sacrifice Health, Sacrifice Words, Sacrifice Arcana,
Reject Sacrifices


You were on level 5 of the Dungeon.
You worshipped Ru.
Ru was noncommittal.
You visited 1 branch of the dungeon, and saw 5 of its levels.

You collected 316 gold pieces.
You spent 120 gold pieces at shops.

Inventory:

Hand Weapons
 a - a +0 war axe
 p - a +6 mace of protection (weapon)
Missiles
 q - 3 poisoned darts (quivered)
Armour
 b - a +0 scale mail (worn)
 c - a +0 buckler (worn)
 j - a +0 pair of boots (worn)
Jewellery
 m - a ring of positive energy (left hand)
Wands
 n - a wand of quicksilver (6)
Scrolls
 e - 2 scrolls of identify {unknown}
 f - 2 scrolls of blinking {unknown}
 h - a scroll of immolation {unknown}
 i - a scroll of poison {unknown}
 l - a scroll of teleportation {unknown}
 o - a scroll of silence {unknown}
Potions
 d - a potion of might
 g - 2 potions of attraction
 k - a potion of lignification
 r - 2 potions of cancellation {unknown}
 s - a potion of magic {unknown}


   Skills:
 + Level 5.1 Fighting
 + Level 5.4(5.6) Axes
 + Level 2.2(4.1) Maces & Flails
 + Level 5.8 Armour
 + Level 1.0 Dodging
 + Level 0.1 Stealth
 + Level 4.5 Shields


You had 5 spell levels left.
You didn't know any spells.
Your spell library contained the following spells:

 Spells                   Type           Power      Damage    Failure   Level
 Beastly Appendage        Tmut           0%         N/A       86%         1
 Sandblast                Erth           0%         2d4       86%         1
 Passwall                 Tmut/Erth      0%         N/A       95%         2
 Sublimation of Blood     Necr           0%         N/A       95%         2
 Wereblood                Tmut           0%         N/A       95%         2
 Mephitic Cloud           Conj/Pois/Air  0%         N/A       99%         3
 Spider Form              Tmut/Pois      0%         N/A       99%         3
 Blade Hands              Tmut           0%         N/A       100%        5
 Irradiate                Conj/Tmut      0%         3d11      100%        5
 Statue Form              Tmut/Erth      0%         N/A       100%        6
 Dragon Form              Tmut           0%         N/A       100%        7
 Summon Hydra             Summ           0%         N/A       100%        7


Dungeon Overview and Level Annotations

Branches:
Dungeon (5/15)
 Temple: D:4-7

Altars:
Elyvilon
Nemelex Xobeh
Qazlal
Ru

Shops:
D:4 (


Innate Abilities, Weirdness & Mutations

You have a pair of horns on your head.
You reflexively headbutt those who attack you in melee.


Message History

The naga sharpshooter shouts!
The black mamba hisses angrily.
You hear an angry hiss.
You hear a shout!
You hear an angry hiss.
You thump the black mamba!
Your weapon exudes an aura of protection.
The black mamba is lightly wounded.
The black mamba bites you.
You are poisoned.
The black mamba poisons you!
The naga sharpshooter unwields a +0 dire flail.
The naga sharpshooter wields a +1 longbow of flaming.
It bursts into flame!
The naga sharpshooter mumbles some strange words.
The naga sharpshooter magically shoots an arrow.
You block the arrow.
The naga sharpshooter unwields a +0 mace of protection.
The naga sharpshooter wields a +0 shortbow.
The naga sharpshooter shoots an arrow.
The arrow hits you! The black mamba bites you.
You are lethally poisoned!
The black mamba poisons you!
You feel extremely sick.
It was a potion of attraction.
You feel attractive to monsters.
You feel extremely sick. The black mamba bites you!
* * * LOW HITPOINT WARNING * * *
You are more poisoned.
The black mamba poisons you!
A naga ritualist comes into view. It is wielding a +0 flail.
The black mamba bites you but does no damage.
A salamander comes into view.
The naga ritualist shouts!
The naga ritualist is attracted toward you.
The naga sharpshooter is attracted toward you.
The salamander is attracted toward you.
Okay, then.
As you read the scroll labelled OREYHO YROCU, it crumbles to dust.
It is a scroll of enchant weapon.
Your +5 mace of protection glows red for a moment.
You die...

## .#
## §#
#.#§#
#..N#
#.NN#
##S.#
#.@##
##N.#
##§#
##


You could see 2 naga sharpshooters, a salamander, a naga ritualist and a black
mamba.

Vanquished Creatures
  A black bear (D:4)
  2 necrophages (D:4)
  A hound (D:4)
  3 orc wizards
  A gnoll (D:1)
  5 adders
  5 worms
  4 dart slugs
  4 orcs
  10 ball pythons
  9 endoplasms
  4 giant cockroaches
  8 goblins
  3 hobgoblins
  6 jackals
  9 quokkas
  5 bats
  5 frilled lizards
  9 kobolds
  7 rats
101 creatures vanquished.

Notes
Turn   | Place    | Note
-------+----------+-------------------------------------------
     0 | D:1      | Demigod47 the Minotaur Fighter began the quest for the Orb.
     0 | D:1      | Reached XP level 1. HP: 19/19 MP: 0/0
    76 | D:1      | Reached XP level 2. HP: 23/27 MP: 1/1
   446 | D:1      | Reached XP level 3. HP: 32/33 MP: 2/2
  1097 | D:2      | Reached XP level 4. HP: 35/40 MP: 3/3
  1169 | D:2      | Found a faded altar of an unknown god.
  1185 | D:2      | Prayed at the altar of an unknown god.
  1185 | D:2      | Became a worshipper of Ru the Awakened
  1956 | D:3      | Reached XP level 5. HP: 41/47 MP: 4/4
  2289 | D:3      | Got the Secrets of Gritty Pollution
  2335 | D:3      | Found a white marble altar of Elyvilon.
  2336 | D:3      | Found a sacrificial altar of Ru.
  2336 | D:3      | Found a stormy altar of Qazlal.
  2775 | D:4      | Found Berreukh's Antique Weapon Boutique.
  2789 | D:4      | Bought a glowing mace for 120 gold pieces
  2883 | D:4      | Reached skill level 5 in Fighting
  2883 | D:4      | Reached skill level 5 in Armour
  2920 | D:4      | Noticed a black bear
  2924 | D:4      | Reached skill level 5 in Axes
  2924 | D:4      | Reached XP level 6. HP: 52/56 MP: 5/5
  2929 | D:4      | Reached skill level 1 in Maces & Flails
  2929 | D:4      | Reached skill level 1 in Dodging
  3174 | D:4      | Found a sparkling altar of Nemelex Xobeh.
  3746 | D:5      | Entered Level 5 of the Dungeon
  3746 | D:5      | Noticed a naga sharpshooter
  3746 | D:5      | Noticed a naga sharpshooter
  3746 | D:5      | Noticed a black mamba
  3749 | D:5      | Noticed a naga ritualist
  3749 | D:5      | Noticed a salamander
  3750 | D:5      | Succumbed to a black mamba's poison

Illustrated notes

Levels and vault maps discovered:
D:1:      wander_arrival_chamber, layout_basic, minmay_surrounded
D:2:      minmay_alternating_diamond, layout_basic,
          shapermc_ecumenical_altar_mp_highgroup, minmay_octomino_c4
D:3:      minmay_evil_eye, layout_loops_cross,
          chequers_temple_overflow_statue_of_worship
D:4:      layout_gridville, kennysheep_little_box, serial_shops,
          nicolae_shop_waterfront
D:5:      layout_loops_cross, grunt_ashenzari_visionary
          [grunt_ashenzari_visionary_swamp, grunt_ashenzari_visionary_snake],
          kb_lookout_dungeons_type

Skill      XL: |  1  2  3  4  5  6 |
---------------+-------------------+-----
Fighting       | 4 5 |  5.1
Armour         | 4 5 |  5.8
Axes           | 3 4 5 |  5.4
Shields        | 4 |  4.5
Maces & Flails | 2 |  2.2
Dodging        | 1 |  1.0
Stealth        | |  0.1

Action                   |  1- 3 |  4- 6 || total
-------------------------+-------+-------++-------
Melee: War axe           |    88 |   105 ||   193
       Headbutt          |     7 |    17 ||    24
       Mace              |       |    41 ||    41
  Use: Potion            |       |     4 ||     4
       Scroll            |       |     1 ||     1
Armor: Scale mail        |    38 |    98 ||   136
Dodge: Dodged            |    49 |    59 ||   108
Block: Buckler           |    21 |    36 ||    57
